 Dungeon Crawl Stone Soup version 0.23.2-40-g277498a001 (webtiles) character file.

Game seed: 3254477504515675801

1885 Descartes the Covert (level 9, -6/48 HPs)
             Began as a Vine Stalker Monk on Oct 13, 2019.
             Was a Believer of Dithmenos.
             Mangled by a hippogriff (7 damage)
             ... on level 7 of the Dungeon.
             The game lasted 00:20:27 (5145 turns).

Descartes the Covert (Vine Stalker Monk)            Turns: 5145, Time: 00:20:27

Health: -6/48      AC:  7    Str: 15    XL:     9   Next: 14%
Magic:  0/10       EV: 14    Int: 10    God:    Dithmenos [**....]
Gold:   186        SH:  0    Dex: 19    Spells: 7/8 levels left

rFire    . . .     SeeInvis +     - Unarmed
rCold    . . .     Gourm    .   (no shield)
rNeg     . . .     Faith    .   a - +0 robe
rPois    .         Spirit   +   k - +2 helmet {SInv}
rElec    .         Reflect  .   (no cloak)
rCorr    .         Harm     .   (no gloves)
MR       +....                  (no boots)
Stlth    +++++.....             (no amulet)
HPRegen  0.56/turn              (no ring)
MPRegen  0.12/turn              (no ring)

@: hasted, wreathed by umbra, lightly drained, very quick
A: fangs 3, rugged brown scales 2, regeneration 1, screaming 1, magic shield,
antimagic bite, no potion heal 3, rot immunity
a: Shadow Step, Renounce Religion


You were on level 7 of the Dungeon.
You worshipped Dithmenos.
Dithmenos was pleased with you.
You were not hungry.

You visited 1 branch of the dungeon, and saw 7 of its levels.
You also visited: Sewer.

You collected 319 gold pieces.
You spent 133 gold pieces at shops.

Inventory:

Hand Weapons
 r - a +0 short sword
 u - a +0 great mace
 w - a +2 whip of holy wrath
Missiles
 d - 70 arrows
 n - 33 poisoned needles
 o - 165 stones (quivered)
 v - 5 poisoned tomahawks
 x - 2 curare-tipped needles
 C - 3 tomahawks
Armour
 a - a +0 robe (worn)
 k - a +2 helmet of see invisible (worn)
 G - a +0 chain mail
Magical Staves
 B - an uncursed staff of power {unknown}
Jewellery
 f - an uncursed ring of fire
 J - an uncursed ring of see invisible
Wands
 t - a wand of acid (13)
Scrolls
 g - 3 scrolls of remove curse
 i - 4 scrolls of enchant weapon {unknown}
 l - a scroll of magic mapping {unknown}
 m - 4 scrolls of teleportation
 p - 2 scrolls of fog
 q - a scroll of fear
 y - a scroll of blinking {unknown}
 z - 2 scrolls of amnesia {unknown}
 F - a scroll of enchant armour {unknown}
Potions
 c - 5 potions of curing
 e - 5 potions of flight
 h - a potion of berserk rage
 j - a potion of resistance
 s - 2 potions of haste
 A - 2 potions of lignification
 D - a potion of brilliance {unknown}
 E - a potion of might
 H - a potion of mutation
Comestibles
 b - 11 rations
 I - a chunk of flesh


   Skills:
 + Level 4.8(4.3) Fighting
 + Level 3.3(2.8) Armour
 + Level 4.3(3.8) Dodging
 * Level 8.4(7.8) Stealth
 * Level 6.9(6.3) Unarmed Combat


You had 7 spell levels left.
You knew the following spells:

 Your Spells              Type           Power        Failure   Level  Hunger
a - Shock                 Conj/Air       #...         36%         1    ##.....

Your spell library contained the following spells:

 Spells                   Type           Power        Failure   Level  Hunger
 Animate Skeleton         Necr           N/A          36%         1    ##.....
 Apportation              Tloc           #.....       36%         1    ##.....
 Confusing Touch          Hex            #.....       36%         1    ##.....
 Summon Small Mammal      Summ           #...         36%         1    ##.....
 Airstrike                Air            #.........   98%         4    #####..
 Summon Lightning Spire   Summ/Air       #.......     98%         4    #####..
 Silence                  Hex/Air        #.........   100%        5    ######.
 Conjure Ball Lightning   Conj/Air       #.........   100%        6    #######


Dungeon Overview and Level Annotations

Branches:
Dungeon (7/15)
 Temple: D:4-7

Altars:
Ashenzari
Dithmenos
Hepliaklqana
Ru
Trog
Uskayaw
Zin

Shops:
D:4 *?(!

Annotations:
D:7 Prince Ribbit


Innate Abilities, Weirdness & Mutations

You have razor-sharp teeth.
Your natural rate of healing is unusually fast.
When hurt, damage is shared between your health and your magic reserves.
Your bite disrupts and absorbs the magic of your enemies.
Potions cannot restore your health.
You are immune to rotting.
You are mostly covered in rugged brown scales. (AC +2, +5% HP)
You occasionally shout uncontrollably at your foes.


Message History

You hit the hippogriff. Your bite misses the hippogriff.
The hippogriff is lightly wounded.
Prince Ribbit hits you!!
The hippogriff bites you but does no damage.
The hippogriff misses you. The hippogriff claws you.
You hit the hippogriff.
The hippogriff is lightly wounded.
Prince Ribbit hits you!
* * * LOW HITPOINT WARNING * * *
Prince Ribbit hits you.
* * * LOW HITPOINT WARNING * * *
The hippogriff bites you.
* * * LOW HITPOINT WARNING * * *
The hippogriff closely misses you. The hippogriff claws you.
* * * LOW HITPOINT WARNING * * *
You feel yourself speed up. Prince Ribbit hits you.
* * * LOW HITPOINT WARNING * * *
The hippogriff bites you but does no damage.
The hippogriff pecks you!
You die...

......###....###...
#...........#
#...........#
#........#..#
#........# ..
#........# .
#........#
+..>..F..#
###+###@##
##..(##H##..##
#............|.
#..............
#.[.......%...#
##...##.##....#
###+ #.# ....# ...
...# ... ...#


You could see a hippogriff and Prince Ribbit.

Vanquished Creatures
  Sigmund (D:4)
  Eustachio (D:6)
  Edmund (D:4)
  Purgy (Sewer)
  3 phantoms
  2 ogres (D:6)
  A centaur (D:7)
  A bullfrog (D:6)
  A wight (D:6)
  A howler monkey (D:4)
  2 centaur zombies
  3 crimson imps (D:5)
  2 hounds (D:7)
  2 bullfrog skeletons
  3 orc wizards
  Natasha (thrice) (D:4)
  2 worker ants
  A hound skeleton (D:4)
  4 gnolls (D:3)
  6 adders
  2 shadow imps (D:6)
  An ooze (D:2)
  2 worms
  A dart slug (D:1)
  6 leopard geckos
  16 orcs
  7 bats
  9 giant cockroaches
  8 hobgoblins
  8 jackals
  5 kobolds
  3 quokkas
  2 ball pythons
  10 frilled lizards
  8 rats
129 creatures vanquished.

Notes
Turn   | Place    | Note
-------+----------+-------------------------------------------
     0 | D:1      | Descartes the Vine Stalker Monk began the quest for the
                  | Orb.
     0 | D:1      | Reached XP level 1. HP: 11/11 MP: 2/2
   164 | D:1      | Reached XP level 2. HP: 12/16 MP: 1/3
   662 | D:2      | Reached skill level 3 in Stealth
   662 | D:2      | Reached XP level 3. HP: 15/19 MP: 2/4
  1363 | D:3      | Gained mutation: Your natural rate of healing is unusually
                  | fast. [Vine Stalker growth]
  1363 | D:3      | Reached XP level 4. HP: 14/23 MP: 2/5
  1386 | D:3      | Found a sacrificial altar of Ru.
  1389 | D:3      | Found a hide-covered altar of Uskayaw.
  1463 | D:3      | Reached skill level 1 in Armour
  1529 | D:3      | Found a bloodstained altar of Trog.
  1594 | D:3      | Reached skill level 4 in Stealth
  1594 | D:3      | Reached XP level 5. HP: 25/28 MP: 4/6
  1805 | D:3      | Found a shattered altar of Ashenzari.
  1807 | D:3      | Found a hazy altar of Hepliaklqana.
  2195 | D:4      | Noticed Natasha
  2277 | D:4      | Noticed Sigmund
  2282 | D:4      | Found Yshyraf's Magic Scroll Emporium.
  2287 | D:4      | Killed Sigmund
  2287 | D:4      | Reached skill level 5 in Stealth
  2287 | D:4      | Reached XP level 6. HP: 28/32 MP: 7/7
  2298 | D:4      | Killed Natasha
  2310 | D:4      | Found Ehodibaxt's Distillery.
  2361 | D:4      | Bought a potion of lignification for 39 gold pieces
  2405 | D:4      | Found a glowing drain.
  2409 | Sewer    | Entered a sewer
  2448 | Sewer    | Noticed Purgy
  2458 | Sewer    | Killed Purgy
  2458 | Sewer    | Reached XP level 7. HP: 26/37 MP: 8/8
  2619 | D:4      | Reached skill level 5 in Unarmed Combat
  2692 | D:4      | Noticed Natasha
  2710 | D:4      | Killed Natasha
  2738 | D:4      | Found Duudduci's General Store.
  2739 | D:4      | Bought a scroll of identify for 22 gold pieces
  2739 | D:4      | Bought a scroll of fog for 22 gold pieces
  2739 | D:4      | Bought a scroll of random uselessness for 11 gold pieces
  2742 | D:4      | Identified the Guide on the Birds
  2746 | D:4      | Learned a level 1 spell: Shock
  2758 | D:4      | Bought a scroll of teleportation for 39 gold pieces
  2826 | D:4      | Reached skill level 6 in Stealth
  2872 | D:4      | Noticed Edmund
  2963 | D:4      | Noticed Natasha
  2972 | D:4      | Killed Natasha
  3034 | D:4      | Found Lomug's Weapon Shoppe.
  3436 | D:4      | Killed Edmund
  3436 | D:4      | Gained mutation: You have razor-sharp teeth. [Vine Stalker
                  | growth]
  3436 | D:4      | Reached XP level 8. HP: 6/42 MP: 7/9
  3566 | D:5      | Entered Level 5 of the Dungeon
  3594 | D:5      | Found a sacrificial altar of Ru.
  3764 | D:5      | Reached skill level 7 in Stealth
  3926 | D:5      | Gained mutation: You occasionally shout uncontrollably at
                  | your foes. [potion of mutation]
  3926 | D:5      | Gained mutation: You are partially covered in rugged brown
                  | scales. (AC +1, +3% HP) [potion of mutation]
  3926 | D:5      | Gained mutation: You are mostly covered in rugged brown
                  | scales. (AC +2, +5% HP) [potion of mutation]
  4379 | D:6      | Found a glowing silver altar of Zin.
  4679 | D:6      | Found a shadowy altar of Dithmenos.
  4687 | D:6      | Became a worshipper of Dithmenos the Shadowed
  4687 | D:6      | Reached * piety under Dithmenos
  4687 | D:6      | Reached ** piety under Dithmenos
  4765 | D:6      | Noticed Eustachio
  4775 | D:6      | Killed Eustachio
  4775 | D:6      | Reached skill level 8 in Stealth
  4775 | D:6      | Reached XP level 9. HP: 48/48 MP: 10/10
  5132 | D:7      | Noticed Prince Ribbit
  5144 | D:7      | HP: 2/48 [hippogriff (4)]
  5145 | D:7      | Mangled by a hippogriff

Skill      XL: |  1  2  3  4  5  6  7  8 |
---------------+-------------------------+-----
Stealth        | 3 4 5 6 8 |  8.4
Fighting       | 3 4 |  4.8
Armour         | 1 2 3 |  3.3
Unarmed Combat | 4 5 6 |  6.9
Dodging        | 3 4 |  4.3

Action                   |  1- 3 |  4- 6 |  7- 9 || total
-------------------------+-------+-------+-------++-------
Melee: Unarmed           |    69 |   135 |   287 ||   491
       Bite              |    15 |    36 |   121 ||   172
       Punch             |     1 |     3 |    11 ||    15
  Use: Potion            |       |     4 |     3 ||     7
       Scroll            |       |       |     8 ||     8
 Stab: Sleeping          |     5 |     6 |     6 ||    17
       Distracted        |       |     2 |     1 ||     3
       Paralysed         |       |       |     1 ||     1
  Eat: Chunk             |     1 |     4 |     9 ||    14
Armor: Robe              |    24 |    23 |    48 ||    95
       Chain mail        |       |       |     7 ||     7
Dodge: Dodged            |    41 |    83 |   163 ||   287
